 Dungeon Crawl Stone Soup version 0.28.0 (webtiles) character file.

Game seed: 1948608104801394211

24 Skilfsilihog the Ducker (level 2, -1/16 HPs)
             Began as a Spriggan Fighter on Feb 20, 2022.
             Slain by a kobold (4 damage)
             ... on level 1 of the Dungeon.
             The game lasted 00:01:34 (849 turns).

Skilfsilihog the Ducker (Spriggan Fighter)           Turns: 849, Time: 00:01:35

Health: -1/16      AC:  2    Str: 12    XL:     2   Next: 79%
Magic:  3/3        EV: 17    Int:  9    God:
Gold:   52         SH:  6    Dex: 14    Spells: 1/1 levels left

rFire   . . .      SeeInvis +   a - +0 rapier
rCold   . . .      Faith    .   c - +0 buckler
rNeg    . . .      Spirit   .   b - +0 robe
rPois   .          Reflect  .   (helmet restricted)
rElec   .          Harm     .   (no cloak)
rCorr   .          Rampage  .   (gloves unavailable)
Will    .....                   (boots unavailable)
Stlth   +.........              (no amulet)
HPRegen 0.05/turn               (no ring)
MPRegen 0.08/turn               (no ring)

@: very quick
A: very small, no large weapons, unfitting armour, see invisible, speed 3
a: no special abilities


You were on level 1 of the Dungeon.
You visited 1 branch of the dungeon, and saw 1 of its levels.

You collected 52 gold pieces.

Inventory:

Hand Weapons
 a - a +0 rapier (weapon)
Armour
 b - a +0 robe (worn)
 c - a +0 buckler (worn)
Scrolls
 e - a scroll of enchant armour {unknown}
 f - a scroll of immolation {unknown}
 g - a scroll of summoning {unknown}
Potions
 d - a potion of might
 h - a potion of magic {unknown}


   Skills:
 + Level 3.3 Fighting
 - Level 2.1 Short Blades
 - Level 4.0 Dodging
 - Level 2.1 Shields


You had one spell level left.
You didn't know any spells.
Your spell library was empty.

Dungeon Overview and Level Annotations

Branches:
Dungeon (1/15)

Altars:


Innate Abilities, Weirdness & Mutations

You are very small and have problems with some larger weapons.
You are too small for most types of armour.
You have supernaturally acute eyesight. (SInv)
You cover ground extremely quickly. (Speed+++)


Message History

You hit the jackal.
You kill the jackal!
You block the kobold's attack. The jackal completely misses you.
You puncture the jackal!
You kill the jackal!
The jackal misses you. The kobold hits you with a +0 dagger.
You puncture the jackal!
You kill the jackal!
The kobold hits you with a +0 dagger. You block the hobgoblin's attack.
You hit the hobgoblin but do no damage. You block the kobold's attack.
The hobgoblin hits you. The kobold hits you but does no damage.
You are too injured to fight recklessly!
You are too injured to fight recklessly!
You are too injured to fight recklessly!
You are too injured to fight recklessly!
You are too injured to fight recklessly!
You are too injured to fight recklessly!
You are too injured to fight recklessly!
You are too injured to fight recklessly!
You are too injured to fight recklessly!
You are too injured to fight recklessly!
You are too injured to fight recklessly!
You are too injured to fight recklessly!
You are too injured to fight recklessly!
You are too injured to fight recklessly!
You are too injured to fight recklessly!
You are too injured to fight recklessly!
There are monsters nearby!
You are too injured to fight recklessly!
You are too injured to fight recklessly!
You are too injured to fight recklessly!
You hit the hobgoblin.
The hobgoblin is moderately wounded.
The hobgoblin hits you.
* * * LOW HITPOINT WARNING * * *
The kobold barely misses you.
You hit the hobgoblin.
You kill the hobgoblin!
The kobold hits you with a +0 dagger.
You die...

#....# #########
#####....#
#........#
#.###...## #.#
#...# #.# #...#
##########'#######
#### #........[..#
####....#
#...........#
#.@†l...#
#...........#
#.#Kh...#
#...........#
#.#.....#
#...........#
#.#.!...#
##########'##
#.#....... #.#
#.##....#. #.# #.#
##### #.# #.#
#.####.#


You could see a jackal, a kobold and a frilled lizard.

Vanquished Creatures
  5 ball pythons (D:1)
  A bat (D:1)
  3 endoplasms (D:1)
  3 hobgoblins (D:1)
  5 jackals (D:1)
  A quokka (D:1)
  A kobold (D:1)
  A rat (D:1)
20 creatures vanquished.

Notes
Turn   | Place    | Note
-------+----------+-------------------------------------------
     0 | D:1      | Skilfsilihog the Spriggan Fighter began the quest for the
                  | Orb.
     0 | D:1      | Reached XP level 1. HP: 11/11 MP: 2/2
   194 | D:1      | Reached XP level 2. HP: 11/16 MP: 3/3
   849 | D:1      | Slain by a kobold

Illustrated notes

Levels and vault maps discovered:
D:1:      sevenhm_arrival_forest_fort_large_2, layout_basic, serial_park_tiny_1

Skill      XL: |  1 |
---------------+----+-----
Fighting       | 3 |  3.3
Short Blades   | |  2.1
Dodging        | |  4.0
Shields        | |  2.1

Action                   || total
-------------------------++-------
Melee: Rapier            ||    46
 Stab: Sleeping          ||     1
Armor: Robe              ||     6
Dodge: Dodged            ||    45
Block: Buckler           ||    16
